Map: Temple gelé

Players

zidar - Winner!

  • Race: Zerg Zerg
  • League: Platinum
  • Spawn Location: 11:00

Metalovitch

  • Race: Terran Terran
  • League: Gold
  • Spawn Location: 5:00

VOD

Have the link to the VOD?

Description

Time

  • Played on: Oct. 8, 2016, 1:55 p.m.
  • Length: 4:22
Show
View Real Time Build Order
Export as new Build Order

zidar Zerg - Winner!

Build Orders: Hatch First 

Get SALT Encoding   

  12  0:01  Drone  
  13  0:12  Overlord  
  13  0:17  Drone  
  14  0:30  Drone x2  
  14  0:34  Drone  
  17  0:54  Hatchery  
  17  0:56  Drone  
  17  1:02  Drone  
  18  1:05  Extractor  
  17  1:19  Spawning Pool  
  17  1:20  Drone  
  17  1:28  Drone x2  
  19  1:49  Overlord  
  18  2:06  Queen  
  18  2:07  Queen  
  22  2:12  Metabolic Boost  
  22  2:14  Drone x2  
  24  2:17  Zergling x2  
  24  2:21  Zergling x2  
  26  2:40  Drone x4  
  30  2:45  Baneling Nest  
  29  3:00  Drone x2  
  29  3:01  Drone x2  
  29  3:05  Queen, Extractor  
  34  3:11  Overlord  
  34  3:42  Zergling x2  
  34  3:43  Zergling x10  
  40  4:02  Baneling x4  
  40  4:05  Hatchery  
  39  4:17  Evolution Chamber  
  38  4:19  Evolution Chamber  
Show
View Real Time Build Order
Export as new Build Order

Metalovitch Terran 

Build Orders:  

Get SALT Encoding   

  12  0:01  SCV  
  13  0:13  SCV  
  14  0:19  Supply Depot  
  14  0:25  SCV  
  15  0:40  SCV  
  15  0:41  Barracks  
  16  0:51  Refinery  
  16  0:52  SCV  
  17  1:04  SCV  
  18  1:27  Command Center  
  18  1:30  Marine  
  19  1:38  Refinery  
  19  1:48  Orbital Command  
  19  2:00  Barracks Reactor  
  19  2:15  SCV  
  20  2:20  Factory  
  20  2:27  SCV  
  21  2:37  Bunker  
  21  2:39  Marine x2, SCV  
  21  2:41  SCV  
  26  2:51  SCV  
  26  2:58  SCV  
  27  3:12  Barracks Tech Lab  
  27  3:14  Hellion x2  
  27  3:15  SCV  
  27  3:16  SCV  
  33  3:27  Factory  
  33  3:28  SCV x2  
  35  3:35  Hellion  
  35  3:39  Supply Depot  
  35  3:40  SCV  
  38  3:44  Supply Depot  
  38  3:50  Orbital Command  
  38  4:01  Hellion x2  
Tags
 
Matchup
TvZ
Spawn Locations
Cross Positions
Add a new tag
Caveats
  • Supply blocks, unpowered buildings, or Contaminate may cause inaccurate times.
  • Supply counts are checked every 10 seconds.